 Dungeon Crawl Stone Soup version 0.29.1-12-g30fa7ad0bf (webtiles) character file.

Game seed: 9340363198701374473

1618 wormed the Caller (level 8, 0/60 HPs)
             Began as a Gnoll Summoner on Dec 26, 2022.
             Was an Initiate of Vehumet.
             Shot with an arrow by a centaur (1 damage)
             ... on level 6 of the Dungeon.
             The game lasted 00:13:42 (6144 turns).

wormed the Caller (Gnoll Summoner)                  Turns: 6144, Time: 00:13:43

Health: 0/60       AC:  3    Str:  8    XL:     8   Next: 96%
Magic:  9/26       EV: 13    Int: 17    God:    Vehumet [......]
Gold:   332        SH:  0    Dex:  8    Spells: 6/19 levels left

rFire   + + .      SeeInvis .   u - +9 sling "Dasoud" {flame, Fly rF++ rC+ Dex-4}
rCold   + . .      Faith    .   (no shield)
rNeg    . . .      Spirit   .   a - +0 robe
rPois   .          Reflect  .   (no helmet)
rElec   .          Harm     .   p - +0 cloak
rCorr   .          Rampage  .   (no gloves)
Will    .....                   (no boots)
Stlth   +++.......              (no amulet)
HPRegen 0.20/turn               w - +4 ring of slaying
MPRegen 0.20/turn               r - ring of magical power

@: flying, very slightly contaminated
A: fangs 1, strong nose, distributed training
a: Renounce Religion


You were on level 6 of the Dungeon.
You worshipped Vehumet.
Vehumet was noncommittal.
You visited 2 branches of the dungeon, and saw 7 of its levels.

You collected 332 gold pieces.

Inventory:

Hand Weapons
 d - a +0 short sword
 u - the +9 sling "Dasoud" (weapon) {flame, Fly rF++ rC+ Dex-4}
   (You found it on level 3 of the Dungeon)

   Any ammunition fired from it burns those it strikes, dealing additional fire
   damage.
   Dex:       It affects your dexterity (-4).
   rF:        It greatly protects you from fire.
   rC:        It protects you from cold.
   Fly:       It grants you flight.
Armour
 a - a +0 robe (worn)
 p - a +0 cloak (worn)
 z - a +0 helmet
Jewellery
 r - a ring of magical power (right hand)
 w - a +4 ring of slaying (left hand)
Wands
 y - a wand of flame (19)
 B - a wand of polymorph (9)
 E - a wand of paralysis (11)
Scrolls
 e - 2 scrolls of brand weapon {unknown}
 g - 2 scrolls of poison {unknown}
 i - a scroll of fear {unknown}
 j - 5 scrolls of identify {unknown}
 k - 2 scrolls of fog {unknown}
 l - 2 scrolls of enchant weapon {unknown}
 q - a scroll of summoning {unknown}
 s - a scroll of torment {unknown}
 t - a scroll of enchant armour {unknown}
 v - 3 scrolls of vulnerability {unknown}
 A - 4 scrolls of magic mapping {unknown}
 D - a scroll of noise {unknown}
Potions
 b - a potion of magic
 c - 6 potions of curing {unknown}
 f - a potion of attraction {unknown}
 h - 2 potions of haste {unknown}
 m - 2 potions of mutation {unknown}
 n - a potion of degeneration {unknown}
 o - a potion of invisibility {unknown}
 x - 2 potions of lignification {unknown}
 C - a potion of might {unknown}


   Skills:
 + Level 3.8 Fighting
 + Level 3.8 Short Blades
 + Level 3.8 Long Blades
 + Level 3.8 Axes
 + Level 3.8 Maces & Flails
 + Level 3.8 Polearms
 + Level 3.8 Staves
 + Level 3.8 Ranged Weapons
 + Level 3.8 Throwing
 + Level 3.8 Armour
 + Level 6.0 Dodging
 + Level 5.7 Stealth
 + Level 3.8 Shields
 + Level 3.8 Unarmed Combat
 + Level 6.4 Spellcasting
 + Level 3.1 Conjurations
 + Level 3.1 Hexes
 + Level 7.8 Summonings
 + Level 3.1 Necromancy
 + Level 3.1 Translocations
 + Level 3.1 Transmutations
 + Level 3.1 Fire Magic
 + Level 3.1 Ice Magic
 + Level 3.1 Air Magic
 + Level 3.1 Earth Magic
 + Level 3.1 Poison Magic
 + Level 4.2 Invocations
 + Level 3.8 Evocations


You had 6 spell levels left.
You knew the following spells:

 Your Spells              Type           Power      Damage    Failure   Level
a - Summon Small Mammal   Summ           100%       N/A       1%          1
b - Call Canine Familiar  Summ           32%        N/A       1%          3
c - Summon Guardian Gole  Hex/Summ       24%        N/A       3%          3
d - Summon Lightning Spi  Summ/Air       24%        N/A       13%         4
e - Blink                 Tloc           32%        N/A       4%          2

Your spell library contained the following spells:

 Spells                   Type           Power      Damage    Failure   Level
 Call Imp                 Summ           32%        N/A       1%          2
 Manifold Assault         Tloc           16%        N/A       67%         5
 Storm Form               Tmut/Air       8%         N/A       100%        7


Dungeon Overview and Level Annotations

Branches:
Dungeon (6/15)             Temple (1/1) D:5

Altars:
Ashenzari
Cheibriados
Dithmenos
Elyvilon
Fedhas
Gozag
Hepliaklqana
Kikubaaqudgha
Makhleb
Nemelex Xobeh
Okawaru
Qazlal
Ru
Sif Muna
Trog
Uskayaw
Vehumet
Wu Jian
Xom
Yredelemnul
Zin
The Shining One

Annotations:
D:6 1 runed translucent door


Innate Abilities, Weirdness & Mutations

You have very sharp teeth.
Your uncanny sense of smell can sniff out nearby items.
Your experience applies equally to all skills.


Message History

Press: ? - help, Q - select action, (/) - cycle Shift-Dir - straight line, f/p - hound
Aim: a hound (almost dead, ally target, 61% to hit)
You shoot a sling bullet. The sling bullet hits the hound!
The sling bullet burns the hound.
You kill the hound!
Vehumet accepts your kill.
The centaur shoots an arrow.
The arrow hits you! The arrow freezes you.
Casting: Call Canine Familiar (safe; 1% risk of failure)
Confirm with . or Enter, or press ? or * to list all spells.
Your hound disappears in a puff of smoke!
The centaur shoots an arrow.
The arrow misses your hound. The arrow hits you!
* * * LOW HITPOINT WARNING * * *
The arrow freezes you.
* * * LOW HITPOINT WARNING * * *
Fire: u) +9 sling "Dasoud" {flame, Fly rF++ rC+ Dex-4}
Press: ? - help, Q - select action, (/) - cycle Shift-Dir - straight line, f - centaur
Aim: a centaur, wielding a +2 shortbow of freezing (purple smoke, moderately wounded, ally target, 77% to hit)
You shoot a sling bullet.
The sling bullet closely misses the centaur.
The centaur shoots an arrow.
The arrow barely misses your hound. The arrow hits you.
* * * LOW HITPOINT WARNING * * *
The centaur shoots an arrow.
The arrow hits your hound! The arrow freezes your hound.
Casting: Call Canine Familiar (safe; 1% risk of failure)
Confirm with . or Enter, or press ? or * to list all spells.
You miscast Summon Lightning Spire.
You are very lightly contaminated with residual magic.
Nothing appears to happen.
Your hound barely misses the centaur.
The centaur shoots an arrow.
The arrow hits your hound! The arrow freezes your hound.
Your hound dies!
Your hound's corpse disappears in a puff of smoke!
The centaur shoots an arrow.
The arrow completely misses you.
Casting: Summon Lightning Spire (dangerous; 13% risk of failure)
Confirm with . or Enter, or press ? or * to list all spells.
The centaur shoots an arrow.
The arrow hits you!
* * * LOW HITPOINT WARNING * * *
The arrow freezes you.
You die...

##.## ##...#
##.# #)..##
##.# #.)).#
##.# ##...#
##.# #...#
##.# #...#
##.# ∆ #...#
...#
#.....#...#
####
#..[..#.h@#
∆#..o..#..†#
####
#.....#...#
...#
#...##§§.#
##.#
#...#c...#
...##
#...#...##
....#
#...)..#
....#
#......#
##..#
####...#


You could see a centaur (ally target) and a friendly hound (summoned).

Vanquished Creatures
  Menkaure (D:4)
  Edmund (D:4)
  An ice beast (D:5)
  A sky beast (D:5)
  A centaur (D:5)
  A scorpion (D:4)
  A wight (D:6)
  3 orc priests
  3 hounds
  An iguana (D:5)
  4 adders
  A worm (D:5)
  3 orcs
  A bat (D:3)
  2 endoplasms (D:3)
  A giant cockroach (D:1)
  A goblin (D:2)
  A hobgoblin (D:3)
  2 jackals
  5 ball pythons
  A rat (D:3)
36 creatures vanquished.

Vanquished Creatures (collateral kills)
  Duvessa (D:4)
  An ogre (D:6)
  Blork the orc (D:6)
  A phantom (D:5)
  Dowan (D:4)
  A hound (D:5)
  2 orc priests (D:6)
  Crazy Yiuf (D:2)
  An iguana (D:6)
  6 adders
  A shadow imp (D:5)
  A white imp (D:3)
  A worm (D:5)
  2 dart slugs
  12 orcs
  7 endoplasms
  A giant cockroach (D:4)
  4 hobgoblins
  4 jackals
  2 quokkas
  3 ball pythons
  3 bats
  A frilled lizard (D:2)
  9 goblins
  4 kobolds
  5 rats
76 creatures vanquished.

Vanquished Creatures (others)
  An orc warrior (D:6)
1 creature vanquished.

Grand Total: 113 creatures vanquished

Notes
Turn   | Place    | Note
-------+----------+-------------------------------------------
     0 | D:1      | wormed the Gnoll Summoner began the quest for the Orb.
     0 | D:1      | Reached XP level 1. HP: 13/13 MP: 6/6
   389 | D:1      | Reached XP level 2. HP: 18/19 MP: 4/7
   956 | D:1      | Found a faded altar of an unknown god.
  1158 | D:1      | Reached skill level 5 in Spellcasting
  1158 | D:1      | Reached XP level 3. HP: 25/25 MP: 5/9
  1193 | D:1      | Learned a level 3 spell: Call Canine Familiar
  1197 | D:1      | Learned a level 3 spell: Summon Guardian Golem
  1216 | D:2      | Reached skill level 1 in Invocations
  1438 | D:2      | Reached skill level 1 in Fighting
  1438 | D:2      | Reached skill level 1 in Short Blades
  1438 | D:2      | Reached skill level 1 in Long Blades
  1438 | D:2      | Reached skill level 1 in Axes
  1438 | D:2      | Reached skill level 1 in Maces & Flails
  1438 | D:2      | Reached skill level 1 in Polearms
  1438 | D:2      | Reached skill level 1 in Staves
  1438 | D:2      | Reached skill level 1 in Ranged Weapons
  1438 | D:2      | Reached skill level 1 in Throwing
  1438 | D:2      | Reached skill level 1 in Armour
  1438 | D:2      | Reached skill level 1 in Shields
  1438 | D:2      | Reached skill level 1 in Unarmed Combat
  1438 | D:2      | Reached skill level 1 in Evocations
  1552 | D:2      | Found a runed translucent door.
  1553 | D:2      | Noticed Crazy Yiuf
  1730 | D:2      | Reached XP level 4. HP: 32/32 MP: 6/11
  1998 | D:2      | Killed Crazy Yiuf
  1999 | D:2      | Reached skill level 1 in Conjurations
  1999 | D:2      | Reached skill level 1 in Hexes
  1999 | D:2      | Reached skill level 1 in Necromancy
  1999 | D:2      | Reached skill level 1 in Translocations
  1999 | D:2      | Reached skill level 1 in Transmutations
  1999 | D:2      | Reached skill level 1 in Fire Magic
  1999 | D:2      | Reached skill level 1 in Ice Magic
  1999 | D:2      | Reached skill level 1 in Air Magic
  1999 | D:2      | Reached skill level 1 in Earth Magic
  1999 | D:2      | Reached skill level 1 in Poison Magic
  2243 | D:3      | Identified the +9 sling "Dasoud" {flame, Fly rF++ rC+
                  | Dex-4}
  2649 | D:3      | Reached XP level 5. HP: 33/37 MP: 12/12
  3166 | D:4      | Noticed Edmund
  3170 | D:4      | Learned a level 2 spell: Blink
  3175 | D:4      | Learned a level 4 spell: Summon Lightning Spire
  3188 | D:4      | Killed Edmund
  3189 | D:4      | Reached skill level 5 in Dodging
  3189 | D:4      | Reached XP level 6. HP: 44/44 MP: 14/14
  3415 | D:4      | Identified the +1 ring mail of Jaefoij {Dex+5}
  3772 | D:4      | Noticed Menkaure
  3782 | D:4      | Killed Menkaure
  3783 | D:4      | Reached XP level 7. HP: 27/51 MP: 15/15
  4023 | D:4      | Noticed Dowan
  4044 | D:4      | Noticed Duvessa
  4053 | D:4      | Killed Duvessa
  4054 | D:4      | Reached skill level 5 in Stealth
  4057 | D:4      | Killed Dowan
  4203 | D:5      | Entered Level 5 of the Dungeon
  4571 | D:5      | Reached XP level 8. HP: 49/58 MP: 16/16
  4907 | D:5      | Found a staircase to the Ecumenical Temple.
  5016 | D:5      | Found a blossoming altar of Fedhas.
  5016 | D:5      | Found an ornate altar of the Wu Jian Council.
  5049 | D:5      | Found a shimmering blue altar of Sif Muna.
  5079 | Temple   | Entered the Ecumenical Temple
  5205 | Temple   | Became a worshipper of Vehumet
  5713 | D:6      | Noticed Blork the orc
  5723 | D:6      | Killed Blork the orc
  5829 | D:6      | Identified the +3 long sword of Tallul {venom, rC+ Int+3}
  5831 | D:6      | Found a runed translucent door.
  6144 | D:6      | HP: 1/60 [centaur/arrow (11)]
  6144 | D:6      | Shot with an arrow by a centaur

Illustrated notes

Levels and vault maps discovered:
D:1:      tarquinn_simple_flora_water_f, layout_loops_ring,
          basic_ecumenical_altar
D:2:      layout_rooms, uniq_crazy_yiuf_cottage
D:3:      layout_basic, serial_glass, glass_columns_c, glass_columns_b,
          bh_walls_and_bars
D:4:      layout_cave_pools, uniq_edmund, uniq_duvessa, uniq_menkaure
D:5:      layout_rooms, mainiacjoe_overflow_alcove_4, jmf_multi_god_temple,
          minmay_temple_entry_tees, st_stairs_12
D:6:      kennysheep_spiral_hall, layout_basic, gammafunk_ghost_grave,
          kennysheep_generic_room_3, uniq_blork_the_orc
Temple:   compressed_dpeg_triangle_lava_temple

Skill      XL: |  1  2  3  4  5  6  7  8 |
---------------+-------------------------+-----
Spellcasting   | 5 6 |  6.4
Invocations    | 1 2 3 4 |  4.2
Fighting       | 1 2 3 |  3.8
Short Blades   | 1 2 3 |  3.8
Long Blades    | 1 2 3 |  3.8
Axes           | 1 2 3 |  3.8
Maces & Flails | 1 2 3 |  3.8
Polearms       | 1 2 3 |  3.8
Staves         | 1 2 3 |  3.8
Ranged Weapons | 1 2 3 |  3.8
Throwing       | 1 2 3 |  3.8
Armour         | 1 2 3 |  3.8
Shields        | 1 2 3 |  3.8
Unarmed Combat | 1 2 3 |  3.8
Evocations     | 1 2 3 |  3.8
Conjurations   | 1 2 3 |  3.1
Hexes          | 1 2 3 |  3.1
Necromancy     | 1 2 3 |  3.1
Translocations | 1 2 3 |  3.1
Transmutations | 1 2 3 |  3.1
Fire Magic     | 1 2 3 |  3.1
Ice Magic      | 1 2 3 |  3.1
Air Magic      | 1 2 3 |  3.1
Earth Magic    | 1 2 3 |  3.1
Poison Magic   | 1 2 3 |  3.1
Dodging        | 5 6 |  6.0
Stealth        | 5 |  5.7
Summonings     | |  7.8

Action                   |  1- 3 |  4- 6 |  7- 9 || total
-------------------------+-------+-------+-------++-------
Melee: Short sword       |    23 |     5 |       ||    28
       Bite              |     3 |       |       ||     3
 Fire: Sling             |       |    35 |    48 ||    83
 Cast: Summon Small Mamm |    49 |    13 |     5 ||    67
       Call Canine Famil |     8 |    20 |    21 ||    49
       Summon Lightning  |       |     4 |    15 ||    19
       Summon Guardian G |       |       |     1 ||     1
Armor: Robe              |    11 |     5 |     4 ||    20
Dodge: Dodged            |    49 |     6 |    28 ||    83
